AoeStats
← 只会打步弓

Runestones

507527909Analyzed
1v1 RM · 13d ago on Sep 18, 2026· 48m 33s· 2 players
Game mode
Random Map
Map size
Tiny (2 player)
Population
200
Speed
Normal
Resources
Standard
Victory
Conquest
Starting age
Dark Age
Ending age
Imperial Age
RankedLock teamsTeams togetherTeam positionsShared explorationLock speedFull tech treeHidden civsTurbo modeCheats
Victory
Defeat
🇨🇳 Mapuche · China
1859
+14
🇩🇪 Persians · Germany
1809
-14
Waldblume
5:40 Loom
8:15 Feudal Age
9:04 Double-Bit Axe
10:15 Horse Collar
16:03 Wheelbarrow
19:00 Castle Age
17:59 Gold Mining
19:01 Fletching
20:31 Bodkin Arrow
21:12 Bow Saw
21:44 Elite Skirmisher
26:52 Ballistics
32:12 Bloodlines
32:23 Scale Barding Armor
32:35 Husbandry
36:13 Imperial Age
35:04 Stone Mining
36:56 Chain Barding Armor
36:24 Cavalier
38:59 Stone Shaft Mining
39:38 Chemistry
39:19 Plate Barding Armor
39:26 Forging
40:18 Padded Archer Armor
41:20 Conscription
42:21 Leather Archer Armor
45:25 Ring Archer Armor
48:02 Iron Casting
只会打步弓
6:31 Loom
8:46 Feudal Age
9:20 Double-Bit Axe
9:57 Horse Collar
17:57 Castle Age
16:17 Gold Mining
16:51 Fletching
17:37 Padded Archer Armor
18:36 Bodkin Arrow
21:05 Town Watch
22:52 Ballistics
22:53 Leather Archer Armor
23:45 Bow Saw
26:47 Wheelbarrow
31:53 Hand Cart
35:27 Imperial Age
36:26 Gold Shaft Mining
35:53 Heavy Plow
36:40 Ring Archer Armor
37:12 Chemistry
36:28 Malon
35:53 Elite Bolas Rider
37:10 Conscription
37:26 Butalmapu
37:21 Stone Mining
41:11 Bombard Tower
43:07 Elite Skirmisher
47:13 Town Patrol
48:18 Treadmill Crane
48:48 Masonry
Connection lost

Rejoining the realm…

Still unreachable

The connection could not be restored.

Session expired

The server has moved on; the page needs a fresh start.